 Seeded DCSS version 0.29-a0-472-ge5599a681e (webtiles) character file.

Game seed: 20220523 (custom seed)

491 a11behringer the Cudgeller (level 6, 0/53 HPs)
             Began as a Minotaur Fighter on May 23, 2022.
             Was a Follower of Okawaru.
             Slain by a wyvern (14 damage)
             ... on level 4 of the Dungeon.
             The game lasted 00:07:45 (3191 turns).

a11behringer the Cudgeller (Minotaur Fighter)       Turns: 3191, Time: 00:07:46

Health: 0/53       AC: 21    Str: 22    XL:     6   Next: 91%
Magic:  4/6        EV: 10    Int:  5    God:    Okawaru [*.....]
Gold:   202        SH:  6    Dex: 10    Spells: 5/5 levels left

rFire   . . .      SeeInvis .   n - +2 mace (protect)
rCold   . . .      Faith    .   c - +0 buckler
rNeg    . . .      Spirit   .   w - +0 chain mail
rPois   .          Reflect  .   (helmet restricted)
rElec   .          Harm     .   (no cloak)
rCorr   .          Rampage  .   q - +0 pair of gloves
Will    .....                   e - +0 pair of boots
Stlth   ..........              (no amulet)
HPRegen 0.17/turn               (no ring)
MPRegen 0.10/turn               (no ring)

@: lit by a corona, heroic, under a protective aura, glowing
A: horns 2, retaliatory headbutt
a: Renounce Religion, Heroism


You were on level 4 of the Dungeon.
You worshipped Okawaru.
Okawaru was aware of your devotion.
You visited 2 branches of the dungeon, and saw 5 of its levels.

You collected 202 gold pieces.

Inventory:

Hand Weapons
 a - a +0 flail
 g - a +4 vorpal hand crossbow
 n - a +2 mace of protection (weapon)
Armour
 b - a +0 scale mail
 c - a +0 buckler (worn)
 e - a +0 pair of boots (worn)
 q - a +0 pair of gloves (worn)
 w - a +0 chain mail (worn)
Wands
 v - a wand of acid (8)
Scrolls
 i - a scroll of torment {unknown}
 j - a scroll of noise {unknown}
 m - 2 scrolls of identify {unknown}
 p - 2 scrolls of teleportation {unknown}
 t - a scroll of enchant armour {unknown}
 u - a scroll of poison {unknown}
Potions
 d - 3 potions of might
 f - a potion of invisibility {unknown}
 h - a potion of attraction {unknown}
 k - a potion of resistance {unknown}
 l - a potion of brilliance {unknown}
 o - a potion of haste {unknown}
 r - 2 potions of curing {unknown}
 s - a potion of ambrosia {unknown}


   Skills:
 + Level 4.5(9.5) Fighting
 * Level 6.3(11.3) Maces & Flails
 - Level 2.0(7.0) Crossbows
 + Level 5.1(10.1) Armour
 + Level 1.6(6.6) Dodging
 - Level 4.0(9.0) Shields
 * Level 1.5 Invocations


You had 5 spell levels left.
You didn't know any spells.
Your spell library was empty.

Dungeon Overview and Level Annotations

Branches:
Dungeon (4/15)             Temple (1/1) D:4

Altars:
Cheibriados
Dithmenos
Fedhas
Kikubaaqudgha
Makhleb
Nemelex Xobeh
Okawaru
Qazlal
Trog
Uskayaw
Wu Jian
Xom
Yredelemnul
Zin
The Shining One

Annotations:
D:4 2 runed translucent doors


Innate Abilities, Weirdness & Mutations

You have a pair of horns on your head.
You reflexively headbutt those who attack you in melee.


Message History

You sock the gnoll shaman!
The gnoll shaman is severely wounded.
The gnoll shaman hits you but does no damage.
You hit the gnoll shaman. You headbutt the gnoll shaman.
You kill the gnoll shaman!
Okawaru accepts your kill.
You hit the kobold but do no damage. The kobold hits you but does no damage.
You gain the combat prowess of a mighty hero.
The kobold hits you but does no damage.
You hit the kobold.
You kill the kobold!
Okawaru accepts your kill.
You sock the wyvern!
The wyvern is moderately wounded.
The wyvern bites you! You block the wyvern's attack.
You closely miss the wyvern.
You headbutt the wyvern, but do no damage.
The wyvern is moderately wounded.
The wyvern closely misses you.
You hit the wyvern.
The wyvern is moderately wounded.
The wyvern misses you.
You sock the wyvern!
You headbutt the wyvern, but do no damage.
The wyvern is severely wounded.
The wyvern bites you. The wyvern closely misses you.
You hit the wyvern but do no damage.
The wyvern is severely wounded.
The wyvern bites you.
* * * LOW HITPOINT WARNING * * *
You hit the wyvern but do no damage. You headbutt the wyvern.
The wyvern is severely wounded.
The wyvern closely misses you.
You hit the wyvern but do no damage. Your headbutt misses the wyvern.
The wyvern is severely wounded.
The wyvern bites you but does no damage.
You barely miss the wyvern.
The wyvern is severely wounded.
The wyvern bites you!
You die...

#†#8....8
#.+Y.....
#.+Yr....
#.#8....8
####.##8[$8#
#.....######
#..###'#
#.##...# #
#@#.##
#l##.#
#.#.## #.###
##. #


You could see a wyvern.

Vanquished Creatures
  3 black bears (D:4)
  An orc priest (D:4)
  A gnoll shaman (D:4)
  8 adders
  2 dart slugs
  14 orcs
  5 bats
  5 endoplasms
  A giant cockroach (D:2)
  5 goblins
  5 hobgoblins
  4 jackals (D:1)
  6 quokkas
  6 ball pythons
  4 frilled lizards
  6 kobolds
  5 rats
81 creatures vanquished.

Notes
Turn   | Place    | Note
-------+----------+-------------------------------------------
     0 | D:1      | a11behringer the Minotaur Fighter began the quest for the
                  | Orb.
     0 | D:1      | Reached XP level 1. HP: 19/19 MP: 0/0
   312 | D:1      | Reached XP level 2. HP: 18/27 MP: 1/1
  1130 | D:2      | Reached skill level 3 in Maces & Flails
  1130 | D:2      | Reached XP level 3. HP: 25/33 MP: 2/2
  1330 | D:2      | Reached skill level 1 in Crossbows
  1504 | D:2      | Reached XP level 4. HP: 40/40 MP: 3/3
  2036 | D:3      | Found a faded altar of an unknown god.
  2114 | D:3      | Reached skill level 4 in Maces & Flails
  2591 | D:4      | Reached XP level 5. HP: 45/46 MP: 4/4
  2607 | D:4      | Found a staircase to the Ecumenical Temple.
  2633 | D:4      | Reached skill level 1 in Dodging
  2644 | Temple   | Entered the Ecumenical Temple
  2915 | Temple   | Became a worshipper of Warmaster Okawaru
  3078 | D:4      | Noticed a black bear
  3086 | D:4      | Killed a black bear
  3087 | D:4      | Reached skill level 5 in Maces & Flails
  3087 | D:4      | Reached XP level 6. HP: 49/52 MP: 5/5
  3146 | D:4      | Reached skill level 1 in Invocations
  3147 | D:4      | Found a large runed translucent door.
  3147 | D:4      | Found a large runed translucent door.
  3149 | D:4      | Noticed a yak
  3149 | D:4      | Noticed a sky beast
  3173 | D:4      | Noticed a wyvern
  3175 | D:4      | Reached * piety under Okawaru
  3176 | D:4      | Reached skill level 6 in Maces & Flails
  3176 | D:4      | Reached skill level 5 in Armour
  3191 | D:4      | Slain by a wyvern

Illustrated notes

Levels and vault maps discovered:
D:1:      shiori_arrival_maze, layout_basic
D:2:      minmay_skewed_foursquare, layout_basic
D:3:      layout_loops_ring, ebering_ecumenical_altar_rust,
          small_statue_intersection
D:4:      layout_loops_cross, minmay_temple_entry_ruins,
          minmay_hollow_rounded_squares
Temple:   nicolae_temple_elliptical

Skill      XL: |  1  2  3  4  5  6 |
---------------+-------------------+-----
Armour         | 4 5 |  5.1
Maces & Flails | 3 4 5 6 |  6.3
Crossbows      | 1 2 |  2.0
Shields        | 4 |  4.0
Fighting       | 4 |  4.5
Dodging        | 1 |  1.6
Invocations    | 1 |  1.5

Action                   |  1- 3 |  4- 6 || total
-------------------------+-------+-------++-------
Melee: Flail             |    76 |       ||    76
       Headbutt          |    10 |    17 ||    27
       Mace              |       |   104 ||   104
 Fire: Hand crossbow     |       |    11 ||    11
Invok: Heroism           |       |     1 ||     1
Armor: Scale mail        |    44 |    40 ||    84
       Chain mail        |       |    30 ||    30
Dodge: Dodged            |    45 |    46 ||    91
Block: Buckler           |    16 |    18 ||    34

Table legend: (Time is in decaauts)
 A = Elapsed time spent in this place.
 B = Non-inter-level travel time spent in this place.
 C = Inter-level travel time spent in this place.
 D = Time resting spent in this place.
 E = Time spent auto-exploring this place.
 F = Levels seen in this place.
 G = Mean time per level.
                   A        B        C        D        E       F      G
               +--------+--------+--------+--------+--------+-----+--------+
         Total |   3236 |   3136 |    100 |      0 |   2632 |   5 |  647.2 |
       Dungeon |   2940 |   2870 |     70 |      0 |   2375 |   4 |  735.0 |
        Temple |    295 |    265 |     30 |      0 |    257 |   1 |  295.0 |
               +--------+--------+--------+--------+--------+-----+--------+

Top non-repeatable levels by time:
     D:1: 1114 daAuts
     D:2: 943 daAuts
     D:3: 543 daAuts
     D:4: 338 daAuts
  Temple: 295 daAuts
